 Dungeon Crawl Stone Soup version 0.28-b1-25-g9875b3fc8c (webtiles) character file.

Game seed: 5724916082953978958

497 croobank the Conjurer (level 6, -1/47 HPs)
             Began as a Demigod Conjurer on Feb 3, 2022.
             Slain by a phantom (6 damage)
             ... on level 5 of the Dungeon.
             The game lasted 00:25:12 (5892 turns).

croobank the Conjurer (Demigod Conjurer)            Turns: 5892, Time: 00:25:13

Health: -1/47      AC:  4    Str:  8    XL:     6   Next: 61%
Magic:  1/14       EV: 12    Int: 28    God:
Gold:   161        SH:  0    Dex: 12    Spells: 2/12 levels left

rFire   . . .      SeeInvis .   d - +2 flail
rCold   . . .      Faith    .   (no shield)
rNeg    . . .      Spirit   .   a - +0 robe
rPois   .          Reflect  .   (no helmet)
rElec   .          Harm     .   (no cloak)
rCorr   .          Rampage  .   e - +1 pair of gloves
Will    .....                   (no boots)
Stlth   ++........              (no amulet)
HPRegen 0.15/turn               r - ring of flight
MPRegen 0.14/turn               (no ring)

@: flying
A: high MP 1, forlorn, divine attributes
a: no special abilities


You were on level 5 of the Dungeon.
You visited 1 branch of the dungeon, and saw 5 of its levels.

You collected 161 gold pieces.

Inventory:

Hand Weapons
 b - a +0 hunting sling
 d - a +2 flail (weapon)
Missiles
 g - 36 arrows
 m - 16 bolts
 n - 130 stones
 q - 31 sling bullets
Armour
 a - a +0 robe (worn)
 e - a +1 pair of gloves (worn)
 k - a +0 leather armour
Jewellery
 c - an amulet of guardian spirit
 r - a ring of flight (left hand)
Scrolls
 f - a scroll of amnesia
 l - 2 scrolls of magic mapping
Potions
 h - a potion of attraction {unknown}
 o - a potion of degeneration {unknown}
 p - 2 potions of curing {unknown}
 s - a potion of resistance {unknown}


   Skills:
 + Level 1.3 Fighting
 + Level 1.9 Maces & Flails
 + Level 3.0 Dodging
 + Level 2.7 Stealth
 + Level 3.5 Spellcasting
 + Level 5.2 Conjurations


You had 2 spell levels left.
You knew the following spells:

 Your Spells              Type           Power      Damage    Failure   Level
a - Magic Dart            Conj           100%       1d8       1%          1
b - Searing Ray           Conj           68%        2d6       1%          2
c - Dazzling Flash        Conj/Hex       38%        N/A       9%          3
d - Fulminant Prism       Conj/Hex       9%         3d7       26%         4

Your spell library contained the following spells:

 Spells                   Type           Power      Damage    Failure   Level
 Gell's Gravitas          Tloc           4%         N/A       24%         3
 Inner Flame              Hex/Fire       4%         N/A       24%         3
 Lesser Beckoning         Tloc           4%         N/A       24%         3
 Teleport Other           Tloc           4%         N/A       24%         3
 Iskenderun's Mystic Bla  Conj/Tloc      19%        2d6       26%         4
 Cause Fear               Hex            2%         N/A       61%         4
 Discord                  Hex            2%         N/A       100%        8


Dungeon Overview and Level Annotations

Branches:
Dungeon (5/15)             Temple (0/1) D:4

Shops:
D:4 *


Innate Abilities, Weirdness & Mutations

You have an increased reservoir of magic. (+10% MP)
You shall have no god before yourself.
Your divine heritage dramatically boosts your attributes as you level up.


Message History

The gnoll is moderately wounded.
The gnoll is no longer blind.
The phantom barely misses you. The gnoll hits you with a +0 club.
The gnoll closely misses you. The gnoll hits you with a +0 flail.
You hit the gnoll but do no damage.
The gnoll is moderately wounded.
The phantom barely misses you. The gnoll barely misses you.
The gnoll closely misses you. The gnoll barely misses you.
The gnoll hits you with a +0 club.
* * * LOW HITPOINT WARNING * * *
The phantom hits you.
* * * LOW HITPOINT WARNING * * *
You feel much better. The gnoll hits you with a +0 flail.
The gnoll closely misses you. The gnoll hits you with a +0 club.
The phantom hits you but does no damage.
Okay, then.
Casting: Dazzling Flash (dangerous; 9% risk of failure)
Confirm with . or Enter, or press ? or * to list all spells.
Okay, then.
Casting: Dazzling Flash (dangerous; 9% risk of failure)
Confirm with . or Enter, or press ? or * to list all spells.
Aiming: Searing Ray (safe; 1% risk of failure)
Press: ? - help, Shift-Dir - straight line, f - gnoll
Aim: a gnoll, wielding a +0 club (83% to hit)
The searing ray hits the gnoll!
The gnoll is severely wounded. (Press . to maintain the ray.)
The gnoll hits you with a +0 flail.
* * * LOW HITPOINT WARNING * * *
The gnoll closely misses you. The phantom hits you.
* * * LOW HITPOINT WARNING * * *
The phantom blinks!
You blink.
The phantom hits you.
* * * LOW HITPOINT WARNING * * *
The phantom blinks!
You blink.
The phantom hits you.
* * * LOW HITPOINT WARNING * * *
There is a stone staircase leading up here.
The phantom hits you.
You die...

..............
.............
...†..).....
#...†))...
#........
#.)...#
#....## #@...#
#ZW..##
##ho..#
##...## #gg..#
##g..# ##..##
#...# ##..##


You could see a phantom, an orc priest, 3 gnolls, a centaur zombie and a jackal.

Vanquished Creatures
  A black bear (D:4)
  An ogre (D:4)
  2 water moccasin skeletons (D:4)
  2 orc wizards
  6 adders
  A gnoll (D:1)
  An adder skeleton (D:3)
  2 worms (D:4)
  2 dart slugs (D:2)
  10 orcs
  8 ball pythons
  8 endoplasms
  13 giant cockroaches
  5 goblins
  6 hobgoblins
  4 jackals
  2 quokkas (D:3)
  10 bats
  4 frilled lizards
  4 kobolds
  7 rats
99 creatures vanquished.

Vanquished Creatures (others)
  A fulminant prism (D:5)
1 creature vanquished.

Grand Total: 100 creatures vanquished

Notes
Turn   | Place    | Note
-------+----------+-------------------------------------------
     0 | D:1      | croobank the Demigod Conjurer began the quest for the Orb.
     0 | D:1      | Reached XP level 1. HP: 14/14 MP: 5/5
   796 | D:1      | Reached XP level 2. HP: 14/20 MP: 1/7
   801 | D:1      | Learned a level 2 spell: Searing Ray
  1201 | D:1      | Reached skill level 4 in Conjurations
  1746 | D:2      | Reached XP level 3. HP: 26/26 MP: 5/8
  2303 | D:2      | Learned a level 3 spell: Dazzling Flash
  2796 | D:2      | Reached XP level 4. HP: 33/33 MP: 6/10
  3792 | D:3      | Noticed a blizzard demon
  4219 | D:4      | Reached skill level 1 in Maces & Flails
  4292 | D:4      | Noticed a black bear
  4308 | D:4      | Killed a black bear
  4309 | D:4      | Reached XP level 5. HP: 24/39 MP: 1/12
  4449 | D:4      | Noticed an ogre
  4460 | D:4      | Killed an ogre
  4461 | D:4      | Reached skill level 1 in Fighting
  4505 | D:4      | Learned a level 4 spell: Fulminant Prism
  4678 | D:4      | Reached XP level 6. HP: 47/47 MP: 8/14
  4862 | D:4      | Found Ibiywapt's Assorted Antiques.
  5059 | D:4      | Found a staircase to the Ecumenical Temple.
  5135 | D:4      | Reached skill level 5 in Conjurations
  5869 | D:5      | Entered Level 5 of the Dungeon
  5892 | D:5      | Slain by a phantom

Illustrated notes

Levels and vault maps discovered:
D:1:      wheals_arrival_linesprint, layout_loops_corners,
          shapermc_ecumenical_altar_flowoftime
D:2:      minmay_roachtagon, layout_basic, grunt_ministairs_13
D:3:      layout_rooms, makhleb_altar_promises_db, vehumet_crystals,
          minmay_overflow_temple_star_hex, minmay_unequal
D:4:      minmay_wonky_spiral, layout_cave_pods,
          minmay_temple_entry_sparse_star, serial_shops, shop, enter_ossuary_3
D:5:      layout_cave_pods, serial_shops, nicolae_shop_hallway_plus

Skill      XL: |  1  2  3  4  5  6 |
---------------+-------------------+-----
Dodging        | 2 3 |  3.0
Spellcasting   | 2 3 |  3.5
Conjurations   | 4 5 |  5.2
Stealth        | 2 |  2.7
Maces & Flails | 1 |  1.9
Fighting       | 1 |  1.3

Action                   |  1- 3 |  4- 6 || total
-------------------------+-------+-------++-------
Melee: Flail             |    22 |    30 ||    52
       Unarmed           |    11 |       ||    11
 Cast: Magic Dart        |   100 |    66 ||   166
       Searing Ray       |       |    24 ||    24
       Dazzling Flash    |       |     2 ||     2
       Fulminant Prism   |       |     1 ||     1
  Use: Scroll            |       |    10 ||    10
       Potion            |       |     4 ||     4
Armor: Robe              |    17 |    25 ||    42
Dodge: Dodged            |    44 |    66 ||   110
